 Dungeon Crawl Stone Soup version 0.31.0-12-g77e489cdc1 (webtiles) character file.

Game seed: 1184814243683967089

7155445 nightchill the Conqueror (level 27, 273/273 HPs)
             Began as a Minotaur Fighter on Feb 12, 2024.
             Was an Elder of Zin.
             Escaped with the Orb
             ... and 10 runes on Feb 17, 2024!
             The game lasted 06:24:27 (106202 turns).

nightchill the Conqueror (Minotaur Fighter)       Turns: 106202, Time: 06:24:27

Health: 273/273    AC: 39    Str: 34    XL:     27
Magic:  46/48      EV:  9    Int:  5    God:    Zin [****..]
Gold:   5649       SH: 23    Dex: 11    Spells: 3/26 levels left

rFire   + + +        b - +9 broad axe (holy)
rCold   + + .        o - +2 tower shield {rF+}
rNeg    + + +        Y - +2 gold dragon scales
rPois   +            g - -2 hat of the Alchemist {rElec rPois rF+ rC+ rN+ Will+ rMut rCorr}
rElec   +            j - +0 cloak {Will+}
rCorr   +            C - +3 pair of gauntlets of War {Slay+5}
SInv    +            M - +2 pair of boots
Will    +++++        k - amulet of faith Stlth
                     I - ring "Tureyrgh" {Wiz Will+ SInv}
HPRegen 0.65/turn    P - ring "Pellergh" {rN++ MP+9}
MPRegen 0.31/turn

%: resist mutation, faith, wizardry (x1)
@: studying 3 skills
A: horns 2, retaliatory headbutt, iridescent scales 2
0: Orb of Zot
}: 10/15 runes: decaying, serpentine, slimy, silver, abyssal, demonic, glowing,
magical, fiery, dark
a: Renounce Religion, Recite, Vitalisation, Imprison, Donate Gold


You escaped.
You worshipped Zin.
Zin was greatly pleased with you.
You visited 15 branches of the dungeon, and saw 64 of its levels.
You visited Pandemonium 1 time, and saw 14 of its levels.
You visited the Abyss 15 times.
You visited 1 bazaar.
You visited 1 ziggurat, and saw 12 of its levels.
You also visited: Volcano.

You collected 11159 gold pieces.
You spent 4645 gold pieces at shops.
You donated 865 gold pieces to Zin.

Inventory:

Hand Weapons
 a - a +7 broad axe of flaming
 b - a +9 broad axe of holy wrath (weapon)
 w - the +11 Singing Sword {sonic wave}
   (You found it on level 3 of the Depths)
 z - a +7 antimagic broad axe
Missiles
 l - 2 throwing nets
 p - 9 darts of dispersal
 s - 10 atropa-tipped darts
 u - 6 curare-tipped darts
 v - 4 silver javelins
 R - 9 javelins (quivered)
Armour
 g - the -2 hat of the Alchemist (worn) {rElec rPois rF+ rC+ rN+ Will+ rMut rCorr}
   (You found it on level 2 of the Snake Pit)

   rF+:       It protects you from fire.
   rC+:       It protects you from cold.
   rElec:     It insulates you from electricity.
   rPois:     It protects you from poison rN+: It protects you from negative
   energy.
   Will+:     It increases your willpower.
   rCorr:     It protects you from acid and corrosion.
   rMut:      It protects you from mutation.
 j - a +0 cloak of willpower (worn)
 o - a +2 tower shield of fire resistance (worn)
 C - the +3 pair of gauntlets of War (worn) {Slay+5}
   (You bought it in a shop on level 2 of the Orcish Mines)

   Slay+5:    It affects your accuracy & damage with ranged weapons and melee
   (+5).
 M - a +2 pair of boots (worn)
 Y - +2 gold dragon scales (worn)
Jewellery
 d - the amulet of Waicokhla {Regen+ Str+2 Dex+4 SInv}
   (You found it on level 3 of the Crypt)

   [amulet of regeneration]

   Str+2:     It affects your strength (+2).
   Dex+4:     It affects your dexterity (+4).
   SInv:      It lets you see invisible.
   Regen+:    It increases your rate of health regeneration.
 e - a +6 ring of strength
 k - an amulet of faith (around neck)
 m - the ring "Roxzait" {Fly Str+3 Dex+4}
   (You found it in Pandemonium)

   [ring of flight]

   Str+3:     It affects your strength (+3).
   Dex+4:     It affects your dexterity (+4).
   Fly:       It grants you flight.
 I - the ring "Tureyrgh" (left hand) {Wiz Will+ SInv}
   (You found it on level 10 of the Dungeon)

   [ring of wizardry]

   Wiz:       It improves your spell success rate.
   Will+:     It increases your willpower.
   SInv:      It lets you see invisible.
 P - the ring "Pellergh" (right hand) {rN++ MP+9}
   (You found it on level 5 of the Pits of Slime)

   [ring of magical power]

   rN++:      It greatly protects you from negative energy.
   MP+9:      It affects your magic capacity (+9).
 W - a ring of protection from cold
Wands
 D - a wand of acid (33)
 F - a wand of mindburst (49)
 G - a wand of charming (104)
 O - a wand of digging (32)
 T - a wand of roots (73)
Scrolls
 c - 10 scrolls of noise
 n - 30 scrolls of teleportation
 q - 3 scrolls of revelation
 t - 6 scrolls of silence
 y - 4 scrolls of blinking
 E - 14 scrolls of fog
 N - 9 scrolls of fear
 Q - 5 scrolls of vulnerability
 S - 14 scrolls of immolation
 U - 6 scrolls of poison
 V - 2 scrolls of butterflies
Potions
 f - 10 potions of resistance
 h - 5 potions of cancellation
 r - a potion of invisibility
 x - 5 potions of magic
 A - 13 potions of lignification
 B - 6 potions of might
 H - 2 potions of haste
 J - 4 potions of enlightenment
 K - 2 potions of berserk rage
 L - 12 potions of attraction
 X - 3 potions of ambrosia
Miscellaneous
 i - a phantom mirror


   Skills:
 O Level 27 Fighting
 - Level 16.0 Long Blades
 + Level 26.5 Axes
 - Level 6.0 Throwing
 - Level 23.0 Armour
 - Level 4.7 Dodging
 - Level 22.0 Shields
 - Level 5.8 Conjurations
 + Level 18.9 Translocations
 - Level 12.0 Air Magic
 O Level 27 Invocations
 + Level 17.5 Evocations


You had 3 spell levels left.
You knew the following spells:

 Your Spells              Type           Power      Damage    Failure   Level
a - Apportation           Tloc           36%        N/A       1%          1
b - Blink                 Tloc           36%        N/A       1%          2
c - Passwall              Erth           0%         N/A       99%         3
d - Teleport Other        Tloc           18%        N/A       1%          3
e - Iskenderun's Mystic   Conj/Tloc      12%        2d5       11%         4
f - Vhi's Electric Charg  Tloc/Air       30%        N/A       3%          4
g - Dispersal             Tloc           9%         N/A       11%         6

Your spell library contained the following spells:

 Spells                   Type           Power      Damage    Failure   Level
 Lesser Beckoning         Tloc           36%        N/A       1%          2
 Momentum Strike          Conj/Tloc      24%        3d8       1%          2
 Gell's Gravitas          Tloc           18%        N/A       1%          3
 Swiftness                Air            12%        N/A       3%          3
 Shock                    Conj/Air       32%        1d5       4%          1
 Static Discharge         Conj/Air       16%        3-4/arc   6%          2
 Magic Dart               Conj           20%        1d4       16%         1
 Mercury Vapours          Alch/Air       12%        N/A       21%         2
 Mephitic Cloud           Conj/Alch/Air  5%         N/A       38%         3
 Foxfire                  Conj/Fire      8%         2x1d4     43%         1
 Kiss of Death            Conj/Necr      8%         2d6       43%         1
 Sting                    Conj/Alch      8%         1d3       43%         1
 Cigotuvi's Dreadful Rot  Necr/Alch/Air  8%         N/A       43%         2
 Hailstorm                Conj/Ice       2%         3d5       80%         3
 Stone Arrow              Conj/Erth      4%         3d7       80%         3
 Freeze                   Ice            0%         1d3       82%         1
 Necrotise                Necr           0%         1d4       82%         1
 Sandblast                Erth           0%         2d4       82%         1
 Slow                     Hex            0%         N/A       82%         1
 Summon Small Mammal      Summ           0%         N/A       82%         1
 Call Imp                 Summ           0%         N/A       91%         2
 Ensorcelled Hibernation  Hex/Ice        0%         N/A       91%         2
 Jinxbite                 Hex            0%         N/A       91%         2
 Scorch                   Fire           0%         2d5       91%         2
 Call Canine Familiar     Summ           0%         N/A       99%         3
 Confusing Touch          Hex            0%         N/A       99%         3
 Frozen Ramparts          Ice            0%         1d1       99%         3
 Fugue of the Fallen      Necr           0%         N/A       99%         3
 Inner Flame              Hex/Fire       0%         N/A       99%         3
 Ozocubu's Armour         Ice            0%         N/A       99%         3
 Sigil of Binding         Hex            0%         N/A       99%         3
 Tukima's Dance           Hex            0%         N/A       99%         3
 Vampiric Draining        Necr           0%         2d6       99%         3
 Airstrike                Air            6%         2d(1-17)  12%         4
 Dimensional Bullseye     Hex/Tloc       4%         N/A       32%         4
 Arcjolt                  Conj/Air       4%         1d14      71%         5
 Summon Lightning Spire   Summ/Air       6%         N/A       77%         4
 Freezing Cloud           Conj/Ice/Air   2%         6-21      98%         5
 Iskenderun's Battlesphe  Conj           5%         2d6       98%         5
 Disjunction              Tloc           9%         N/A       98%         8
 Brom's Barrelling Bould  Conj/Erth      2%         2d3       99%         4
 Flame Wave               Conj/Fire      2%         2d4       99%         4
 Conjure Ball Lightning   Conj/Air       4%         3x3d6     99%         6
 Anguish                  Hex/Necr       0%         N/A       100%        4
 Animate Armour           Summ/Erth      0%         N/A       100%        4
 Animate Dead             Necr           0%         N/A       100%        4
 Cause Fear               Hex            0%         N/A       100%        4
 Dispel Undead            Necr           0%         3d6       100%        4
 Leda's Liquefaction      Alch/Erth      0%         N/A       100%        4
 Olgreb's Toxic Radiance  Alch           0%         N/A       100%        4
 Petrify                  Alch/Erth      0%         N/A       100%        4
 Sticky Flame             Fire/Alch      0%         2d4       100%        4
 Alistair's Intoxication  Alch           0%         N/A       100%        5
 Borgnjor's Vile Clutch   Necr/Erth      0%         N/A       100%        5
 Fireball                 Conj/Fire      1%         3d3       100%        5
 Irradiate                Conj/Alch      1%         3d12      100%        5
 Lee's Rapid Deconstruct  Erth           0%         3d4*      100%        5
 Metabolic Englaciation   Hex/Ice        0%         N/A       100%        5
 Bombard                  Conj/Erth      1%         9d1       100%        6
 Eringya's Noxious Bog    Alch           0%         4d6       100%        6
 Plasma Beam              Fire/Air       3%         2x1d13    100%        6
 Sculpt Simulacrum        Ice/Alch       0%         N/A       100%        6
 Starburst                Conj/Fire      1%         6d3       100%        6
 Summon Cactus Giant      Summ           0%         N/A       100%        6
 Enfeeble                 Hex            0%         N/A       100%        7
 Ozocubu's Refrigeration  Ice            0%         4d7       100%        7
 Spellforged Servitor     Conj/Summ      1%         N/A       100%        7
 Discord                  Hex            0%         N/A       100%        8
 Ignition                 Fire           0%         3d3       100%        8
 Maxwell's Capacitive Co  Air            6%         ∞         100%        8
 Dragon's Call            Summ           0%         N/A       100%        9
 Polar Vortex             Ice            0%         N/A       100%        9


Dungeon Overview and Level Annotations

Branches:
Dungeon (15/15)            Temple (1/1) D:5            Lair (5/5) D:8
  Swamp (4/4) Lair:2        Snake (4/4) Lair:3        Slime (5/5) Lair:4
    Orc (2/2) D:10            Elf (3/3) Orc:2        Vaults (5/5) D:13
  Crypt (3/3) Vaults:3       Tomb (0/3) Crypt:3      Depths (4/4) D:15
   Hell (visited)             Dis (2/7) Hell            Geh (5/7) Hell
    Coc (0/7) Hell            Tar (0/7) Hell            Zot (5/5) Depths:4
Volcano (visited)

Altars:
Ashenzari
Cheibriados
Dithmenos
Elyvilon
Fedhas
Gozag
Hepliaklqana
Kikubaaqudgha
Makhleb
Nemelex Xobeh
Okawaru
Qazlal
Ru
Sif Muna
Trog
Uskayaw
Vehumet
Wu Jian
Xom
Yredelemnul
Zin
The Shining One
Jiyva
Lugonu

Shops:
D:3 =   D:13 [   Orc:2 ([   Snake:3 *!(*   Snake:4 (:!   Vaults:1 [
Vaults:4 [   Depths:1 !?:(   Depths:3 [

Portals:
Hell: Depths:1 Depths:2 Depths:3 Depths:4
Abyss: Lair:5 Depths:3 Depths:4
Pandemonium: Depths:1 Depths:2
Trove: Vaults:3 (give 12 potions of heal wounds)

Annotations:
D:5 1 runed translucent door, Crazy Yiuf
D:7 exclusion: 2 downstairs
D:12 3 runed translucent doors, exclusion: 3 doors, Vorhees's ghost, journeyman DsFi
Snake:1 exclusion: ice statue
Vaults:5 !careful not to go down
Depths:2 exclusions: door and 8 more exclusions
Depths:3 exclusion: downstairs
Depths:4 1 exclusion
Dis:1 exclusion: hellion
Zot:1 exclusion: downstairs


Innate Abilities, Weirdness & Mutations

You have a pair of horns on your head.
You reflexively headbutt those who attack you in melee.
You are mostly covered in iridescent scales. (AC +4)


Message History

No target in view!
What level of the Dungeon? (default 1, ? - help)
A cherub comes into view.
It is wielding a +0 scimitar of flaming.
There is an escape hatch in the ceiling here.
A mysterious force pulls you upwards. The hatch slams shut behind you.
What level of the Dungeon? (default 1, ? - help) HP restored.
There is a stone staircase leading up here.
You climb upwards.
Level annotation: 1 runed translucent door, Crazy Yiuf
There is a stone staircase leading down here.
There is a stone staircase leading up here.
You climb upwards.
There is a stone staircase leading down here.
Items here: )))).
There is a stone staircase leading up here.
You climb upwards.
There is a stone staircase leading down here.
There is a stone staircase leading up here.
You climb upwards.
There is a stone staircase leading down here.
There is a stone staircase leading down here.
There is a stone staircase leading up here.
You climb upwards.
There is a stone staircase leading down, spattered with blood here.
A Hell Sentinel comes into view.
Aiming: Imprison (0% risk of failure)
Press: ? - help, Dir - move target, f - Hell Sentinel
Aim: a Hell Sentinel Zin imprisons the Hell Sentinel with walls of pure silver!
You can no longer call upon Zin to create a sanctuary.
The Hell Sentinel moves out of view.
Okay, then.
Aiming: Dig
Press: ? - help, Shift-Dir - straight line A rock wall.
This square is covered in magical glow.
The rock shatters into small pieces.
There is a staircase leading out of the dungeon here.
You have escaped!

##........## #.#
###.#..###.## #.# #
#.#..#1##.## #.# #
#.#..#####.## #.# #
#..##..####.######.#
#
##..##.####..)...#.#
#
#...)....##.#.##.#.#
#
#........##.#..#.#.#
#
#.........#.+.@'.#.#
#
#........>#.#..#.#.#
#.......#.#.####'#.#
#.......#.#......+.#
#########.######'#.#
#.# #.#.# #.# #...#
#.# ###.# #.# #.#


There were no monsters in sight!

Vanquished Creatures
  Cerebov (Pan)
  the Royal Jelly (Slime:5)
  Ignacio (Pan)
  Mnoleg (Pan)
  Gloorx Vloq (Pan)
  Lom Lobon (Pan)
  Frederick (Vaults:4)
  9 dread liches
  4 pandemonium lords (Pan)
  3 orbs of fire
  9 ancient liches
  Mara (Swamp:3)
  Mennas (Depths:3)
  Vv (Crypt:1)
  Saint Roka (Vaults:4)
  3 Killer Klowns (Zot:5)
  9 caustic shrikes
  A curse toe (Zot:3)
  Geryon (Hell)
  5 bone dragons
  12 golden dragons
  3 doom hounds (Depths:3)
  3 electric golems
  6 Brimstone Fiends
  4 hellephants
  3 Hell Sentinels (Pan)
  Rupert (D:12)
  19 tentacled monstrosities
  A Tzitzimitl (D:15)
  27 Orb Guardians
  6 Ice Fiends (Pan)
  Zenata (Crypt:1)
  3 walking earthen tomes
  Asterion (Depths:1)
  3 titans
  Grunn (Depths:3)
  2 deep elf master archers (Elf:3)
  6 sphinxes
  Mlioglotl (Swamp:1)
  6 quicksilver dragons
  2 deep elf blademasters (Elf:3)
  5 death cobs
  10 liches
  13 acid blobs
  9 searing wretches
  Gastronok (D:11)
  38 tentacled starspawn
  3 walking frostbound tomes (Pan)
  30 Executioners
  9 ancient champions
  2 eldritch tentacles (Pan)
  10 shadow dragons
  13 tengu reavers
  Donald (Swamp:1)
  Roxanne (Swamp:1)
  2 thorn hunters
  11 storm dragons
  6 protean progenitors
  2 nagarajas (Snake:4)
  Aizul (Snake:2)
  7 deep elf sorcerers
  13 rockslimes
  3 revenants (Crypt:3)
  19 draconian monks
  5 draconian shifters
  4 draconian knights
  8 fire giants
  13 azure jellies
  10 demonspawn warmongers (Pan)
  6 frost giants
  16 vault wardens
  6 draconian scorchers
  An angel (Abyss:3)
  4 curse skulls
  3 ghouls
  4 ghost moths
  4 spectral caustic shrikes (Depths:3)
  2 iron dragons
  2 caustic shrike zombies
  23 balrugs
  4 deep elf elementalists
  21 reapers
  20 cacodemons
  Louise (Swamp:1)
  6 draconian annihilators
  2 orc warlords
  2 juggernaut zombies
  15 ironbound preservers
  9 quicksilver oozes
  6 caustic shrike skeletons (Pan)
  5 demonspawn corrupters
  7 draconian stormcallers
  4 formless jellyfish
  6 demonspawn blood saints (Pan)
  29 very ugly things
  8 ironbound thunderhulks
  6 juggernaut skeletons (Pan)
  10 stone giants
  A starflower (Abyss:4)
  15 green draconians
  An ophan (Abyss:3)
  4 deep elf demonologists
  10 demonspawn black suns (Pan)
  10 deep elf death magi
  7 eleionomae
  16 vampire knights
  8 deep elf annihilators
  Nessos (D:13)
  16 black draconians
  9 dire elephants
  15 lorocyprocas
  17 purple draconians
  8 bunyips
  6 war gargoyles
  16 red draconians
  59 starcursed masses
  4 spark wasps (Depths:4)
  19 white draconians
  6 eidola
  Snorg (D:12)
  27 blizzard demons
  9 fire dragons
  13 green deaths
  8 yellow draconians
  6 iron golems
  Josephine (D:13)
  A crystal guardian (Vaults:3)
  2 entropy weavers
  10 great orbs of eyes
  6 spriggan zombies
  8 yaktaur captains
  6 deep elf high priests
  8 ettins
  5 hell beasts
  16 jiangshi
  Fannar (D:11)
  A shambling mangrove (Swamp:4)
  A jorogumo (Pan)
  8 rakshasas
  9 salamander tyrants
  31 vault guards
  2 ogre magi (Vaults:5)
  5 ghost crabs
  2 peacekeepers
  7 ice dragons
  A merfolk avatar (Abyss:3)
  A merfolk aquamancer (Pan)
  A catoblepas (Zig:8)
  A radroach (Zig:5)
  12 alligators
  9 centaur warriors
  13 hydras
  4 death knights
  18 anacondas
  8 ironbound frosthearts
  An anaconda (shapeshifter) (Vaults:5)
  4 two-headed ogres
  A sphinx zombie (Hell)
  11 boulder beetles
  5 spriggan air magi
  2 two-headed ogres (shapeshifter)
  12 vampire magi
  4 deep troll shamans
  12 shock serpents
  4 tengu warriors
  32 hell hogs
  4 spriggan berserkers
  46 thrashing horrors
  11 naga sharpshooters
  7 orc high priests
  A stoker (Geh:2)
  43 dancing weapons
  Urug (D:13)
  18 naga warriors
  14 demonic crawlers
  5 occultists
  6 deep troll earth magi
  27 soul eaters
  A titan zombie (Crypt:3)
  14 hell knights
  A titan skeleton (Crypt:2)
  4 skysharks
  7 storm dragon zombies
  A crystal echidna (Dis:1)
  26 deep elf knights
  7 hellephant skeletons (Pan)
  3 iron trolls
  72 sun demons
  5 salamander mystics
  38 sixfirhies
  26 wretched stars
  2 pharaoh ants (Zig:5)
  3 golden dragon zombies
  4 shadow wraiths
  18 skeletal warriors
  2 spark wasp zombies (Hell)
  10 goliath frogs
  2 spriggan druids (Swamp:1)
  A death drake (shapeshifter) (Elf:1)
  A sea snake (shapeshifter) (Vaults:4)
  A spatial maelstrom (Abyss:4)
  6 swamp dragons
  73 large abominations
  45 deep trolls
  2 spectral hydras (Swamp:4)
  7 glowing orange brains
  An iron giant zombie (Abyss:3)
  An anaconda zombie (Crypt:3)
  9 sun moths (Pan)
  18 mana vipers
  5 arcanists
  18 deep elf archers
  4 flayed ghosts
  An anaconda skeleton (Hell)
  A steelbarb worm (Zig:5)
  25 phantasmal warriors
  4 death drakes
  A glowing orange brain (shapeshifter) (Vaults:5)
  9 naga ritualists
  An alligator zombie (Hell)
  17 ironbound convokers
  Pikel (D:8)
  6 bog bodies
  15 shadow demons
  7 necromancers
  4 lindwurms (Snake:4)
  5 orc knights
  11 harpies
  A tengu zombie (Hell)
  42 deep elf pyromancers
  30 deep elf zephyrmancers
  An iron dragon zombie (Depths:3)
  3 spectral alligators (Swamp:4)
  11 shining eyes
  41 ugly things
  A golden dragon skeleton (Depths:1)
  2 frost giant zombies
  3 fire giant zombies
  A tengu skeleton (Depths:3)
  12 manticores
  2 worldbinders (Abyss:3)
  9 orc sorcerers
  A shining eye (shapeshifter) (Vaults:4)
  Maurice (D:11)
  4 cyclopes
  A shadow dragon skeleton (Depths:3)
  4 will-o-the-wisps
  4 Executioner simulacra (Pan)
  A faun (shapeshifter) (Vaults:5)
  A meliai (shapeshifter) (Lair:5)
  23 salamanders
  3 kobold blastminers (Orc:1)
  24 moths of wrath
  5 apocalypse crabs
  49 black mambas
  10 guardian serpents
  A water nymph (shapeshifter) (Vaults:5)
  21 elephants
  10 rust devils
  A centaur zombie (D:12)
  A dire elephant zombie (Abyss:3)
  An alligator skeleton (Hell)
  A guardian serpent (shapeshifter) (Lair:5)
  4 ice statues (Pan)
  3 molten gargoyles (Hell)
  17 vault sentinels
  7 eyes of devastation
  A torpor snail (Zig:8)
  3 gargoyles
  10 naga magi
  16 orange demons
  73 smoke demons
  A catoblepas zombie (Crypt:1)
  Maggie (D:7)
  A purple draconian zombie (Crypt:1)
  20 cane toads
  14 hellions
  6 komodo dragons
  3 swamp worm zombies (Swamp:4)
  4 rime drakes
  A steelbarb worm zombie (Crypt:3)
  2 unseen horrors (shapeshifter)
  A sea snake zombie (Hell)
  9 tormentors
  2 unseen horrors
  18 yaktaurs
  A bunyip simulacrum (Crypt:2)
  A spectral naga (Snake:1)
  Psyche (D:10)
  8 ice devils
  2 harpy zombies
  10 efreet
  8 freezing wraiths
  6 red devils
  A troll (shapeshifter) (Abyss:3)
  A polar bear (shapeshifter) (Lair:5)
  A sea snake skeleton (Hell)
  4 trolls
  A bloated husk (Swamp:4)
  3 polar bears
  11 tyrant leeches
  20 ancient zymes
  28 hellwings
  7 hydra zombies
  A queen bee (shapeshifter) (D:13)
  Prince Ribbit (D:7)
  3 merfolk (Zot:3)
  A harpy skeleton (Hell)
  An ettin zombie (Hell)
  10 hornets
  Grinder (D:6)
  A raiju (shapeshifter) (Elf:3)
  51 raiju
  4 spectral swamp dragons (Swamp:4)
  A tarantella (Vaults:4)
  31 blink frogs
  A glass eye (shapeshifter) (Vaults:4)
  A dream sheep (Zig:9)
  3 glass eyes
  A hydra skeleton (Hell)
  58 slime creatures
  A meliai zombie (D:12)
  3 air elementals
  2 shadows
  11 wraiths
  2 culicivoras (shapeshifter)
  A black mamba zombie (Crypt:2)
  15 spriggans
  38 small abominations
  6 water elementals
  44 ynoxinuls
  51 yaks
  A wyvern (Lair:3)
  27 vampires
  2 tyrant leech zombies (Swamp:4)
  A fire bat (Abyss:3)
  A black mamba skeleton (Crypt:2)
  A hog (shapeshifter) (D:13)
  2 redbacks (shapeshifter)
  8 golden eyes
  10 basilisks
  6 wargs
  2 fire elementals
  13 vampire mosquitoes
  2 sea snake simulacra (Hell)
  28 neqoxecs
  27 chaos spawn
  2 spatial vortices (Abyss:4)
  A redback (Vaults:2)
  A spriggan simulacrum (Depths:1)
  A steam dragon (D:7)
  A naga zombie (Crypt:2)
  A faun zombie (Crypt:3)
  2 deep troll zombies (Crypt:1)
  15 swamp worms
  An iron troll simulacrum (Crypt:1)
  4 glowing shapeshifter zombies
  3 acid dragons
  22 nagas
  27 water moccasins
  12 hell hounds
  2 sky beasts
  23 orc warriors
  A glowing shapeshifter skeleton (Depths:1)
  3 swamp dragon zombies (Swamp:4)
  3 swamp drakes
  2 ice beasts
  33 laughing skulls
  5 ogres
  13 centaurs
  6 boggarts (Vaults:1)
  15 wolves
  A blink frog skeleton (Crypt:2)
  A swamp dragon skeleton (Hell)
  A lindwurm skeleton (Crypt:2)
  A dream sheep skeleton (Crypt:2)
  A lemure (D:8)
  4 weeping skulls (Abyss:4)
  7 phantoms
  17 bullfrogs
  2 kobold brigands (D:6)
  A bullfrog (shapeshifter) (Vaults:3)
  3 earth elementals
  2 cyclops zombies
  A necrophage (Crypt:1)
  An elf skeleton (Crypt:1)
  7 scorpions
  A yaktaur skeleton (Crypt:1)
  24 wights
  14 killer bees
  A raiju skeleton (Crypt:1)
  A spriggan skeleton (Crypt:3)
  5 howler monkeys
  4 lava snakes (Lair:3)
  A jelly (D:7)
  2 quasits (Abyss:4)
  27 orc priests
  4 bombardier beetles
  2 gnoll boudas
  4 hounds
  4 iron imps (Abyss:3)
  2 iguanas
  23 orc wizards
  19 hell rats
  An acid dragon zombie (Crypt:3)
  A deep dwarf skeleton (Crypt:3)
  2 naga skeletons
  An ogre skeleton (Crypt:3)
  A hound skeleton (Crypt:3)
  A mummy (D:6)
  Robin (D:2)
  11 gnolls
  3 adders
  A shadow imp (D:8)
  2 white imps (Abyss:3)
  12 ufetubi
  3 dart slugs (D:2)
  2 ribbon worms (D:2)
  76 orcs
  5 endoplasms
  4 giant cockroaches
  14 goblins
  10 hobgoblins
  4 jackals (D:1)
  4 quokkas
  6 ball pythons
  7 bats
  4 frilled lizards
  A goblin skeleton (Crypt:2)
  A hobgoblin skeleton (Crypt:2)
  A hobgoblin zombie (D:6)
  19 kobolds
  A kobold zombie (D:6)
  3 orc zombies
  6 rats
  A rat skeleton (Crypt:1)
  10 fire vortices (Pan)
  A lurking horror (Abyss:4)
  40 starspawn tentacles
3753 creatures vanquished.

Vanquished Creatures (collateral kills)
  Jory (Vaults:2)
  An Executioner (Pan)
  2 ironbound preservers (Vaults:4)
  A red draconian (Zot:4)
  A ball lightning (Pan)
6 creatures vanquished.

Vanquished Creatures (others)
  An eldritch tentacle (Pan)
  A reaper (Pan)
  A demonspawn corrupter (Pan)
  A green death (Pan)
  2 rakshasas (Pan)
  A deep elf knight (Elf:2)
  A spectral bunyip (Swamp:4)
  3 deep elf zephyrmancers
  4 smoke demons (Pan)
  An ice statue (Pan)
  An efreet (Pan)
  A hydra zombie (Swamp:4)
  6 bloated husks
  A wyvern (Zig:8)
  A tyrant leech zombie (Swamp:4)
  A neqoxec (Pan)
  A chaos spawn (Pan)
  3 phantoms (Swamp:4)
  An orc wizard (D:9)
  5 ball lightnings (Pan)
  10 foxfires
  A lurking horror (Abyss:3)
  51 starspawn tentacles
99 creatures vanquished.

Grand Total: 3858 creatures vanquished

Notes
Turn   | Place    | Note
-------+----------+-------------------------------------------
     0 | D:1      | nightchill the Minotaur Fighter began the quest for the
                  | Orb.
     0 | D:1      | Reached XP level 1. HP: 19/19 MP: 0/0
   108 | D:1      | Reached XP level 2. HP: 27/27 MP: 1/1
   883 | D:2      | Reached XP level 3. HP: 33/33 MP: 2/2
  1092 | D:2      | Noticed Robin
  1100 | D:2      | Killed Robin
  1111 | D:2      | Reached XP level 4. HP: 29/41 MP: 3/3
  1239 | D:2      | Found a basalt altar of Yredelemnul.
  1510 | D:3      | Reached skill level 5 in Axes
  1778 | D:3      | You fall into a shaft and drop 3 floors!
  1798 | D:6      | Noticed an ice beast
  1810 | D:6      | Killed an ice beast
  1811 | D:6      | Reached skill level 5 in Fighting
  1811 | D:6      | Reached XP level 5. HP: 32/48 MP: 4/4
  1950 | D:6      | Reached XP level 6. HP: 56/56 MP: 5/5
  2002 | D:6      | Found a bloodstained altar of Trog.
  2003 | D:6      | Found a shimmering blue altar of Sif Muna.
  2003 | D:6      | Found a sparkling altar of Nemelex Xobeh.
  2114 | D:6      | Noticed Grinder
  2116 | D:6      | Reached XP level 7. HP: 57/64 MP: 6/6
  2122 | D:6      | Gained mutation: You are strong-willed. (Will+) [potion of
                  | mutation]
  2122 | D:6      | Lost mutation: You are strong-willed. (Will+) [potion of
                  | mutation]
  2122 | D:6      | Gained mutation: You are partially covered in iridescent
                  | scales. (AC +2) [potion of mutation]
  2122 | D:6      | Gained mutation: You are mostly covered in iridescent
                  | scales. (AC +4) [potion of mutation]
  2144 | D:6      | Paralysed by Grinder for 3 turns
  2151 | D:6      | Killed Grinder
  2870 | D:6      | Identified the ring "Norhiun" {rF- Str+4 Slay+2 SInv}
  3030 | D:7      | Reached XP level 8. HP: 49/73 MP: 7/7
  3164 | D:7      | Noticed Prince Ribbit
  3191 | D:5      | Entered Level 5 of the Dungeon
  3262 | D:4      | Reached skill level 10 in Axes
  3277 | D:4      | Found an iron altar of Okawaru.
  3361 | D:3      | Found Ysaicrar's Jewellery Boutique.
  4033 | D:4      | Found an opulent altar of Gozag.
  4957 | D:5      | Found a runed translucent door.
  4958 | D:5      | Noticed Crazy Yiuf
  5234 | D:5      | Found a staircase to the Ecumenical Temple.
  5291 | Temple   | Entered the Ecumenical Temple
  5310 | Temple   | Became a worshipper of Zin the Law-Giver
  5310 | Temple   | Reached * piety under Zin
  5467 | D:5      | Found a hazy altar of Hepliaklqana.
  5717 | D:7      | Killed Prince Ribbit
  5718 | D:7      | Reached skill level 1 in Invocations
  5718 | D:7      | Reached XP level 9. HP: 66/83 MP: 8/8
  6401 | D:7      | Noticed Maggie
  6412 | D:7      | Killed Maggie
  6614 | D:7      | Reached ** piety under Zin
  7050 | D:8      | Reached skill level 10 in Fighting
  7067 | D:8      | Noticed Pikel
  7149 | D:7      | Reached XP level 10. HP: 71/93 MP: 12/12
  7274 | D:8      | Found a staircase to the Lair.
  7451 | D:8      | Killed Pikel
  7861 | D:9      | Reached skill level 5 in Invocations
  8274 | D:9      | Reached *** piety under Zin
  8797 | D:10     | Entered Level 10 of the Dungeon
  8805 | D:10     | Reached skill level 15 in Axes
  8835 | D:10     | Found a glowing golden altar of the Shining One.
  8849 | D:10     | Noticed Psyche
  8920 | D:10     | Killed Psyche
  8921 | D:10     | Reached XP level 11. HP: 72/102 MP: 14/14
  9041 | D:10     | Identified the +6 sling of Efopn {speed, *Slow rCorr Dex+6
                  | Stlth+}
  9077 | D:10     | Noticed a two-headed ogre
  9095 | D:10     | Killed a two-headed ogre
  9226 | D:10     | Found a staircase to the Orcish Mines.
  9387 | D:10     | Identified the ring "Tureyrgh" {Wiz Will+ SInv}
  9437 | D:10     | Reached **** piety under Zin
  9557 | Lair:1   | Entered Level 1 of the Lair of Beasts
  9775 | Lair:1   | Found a dark tunnel.
  9864 | Volcano  | Entered a volcano
  9884 | Volcano  | Noticed an orc sorcerer
  9888 | Volcano  | Killed an orc sorcerer
 10126 | Volcano  | Noticed a red ugly thing
 10136 | Volcano  | Killed a red ugly thing
 10171 | Volcano  | Reached ***** piety under Zin
 10294 | Volcano  | Noticed a red ugly thing
 10301 | Volcano  | Killed a red ugly thing
 11302 | Lair:2   | Noticed a boulder beetle
 11316 | Lair:1   | Killed a boulder beetle
 11317 | Lair:1   | Reached XP level 12. HP: 77/113 MP: 14/17
 11948 | Lair:2   | Noticed an alligator
 11956 | Lair:2   | Killed an alligator
 12018 | Lair:2   | Found a staircase to the Swamp.
 12552 | Lair:3   | Reached skill level 5 in Armour
 12817 | Lair:3   | Reached skill level 10 in Invocations
 13240 | Lair:3   | Found a staircase to the Snake Pit.
 13249 | Lair:3   | Reached XP level 13. HP: 72/124 MP: 19/19
 14421 | Lair:4   | Found a staircase to the Slime Pits.
 14732 | Lair:4   | Reached ****** piety under Zin
 15007 | Lair:5   | Entered Level 5 of the Lair of Beasts
 15024 | Lair:5   | Reached skill level 15 in Fighting
 16134 | Lair:5   | Reached skill level 10 in Armour
 16161 | Lair:5   | Reached XP level 14. HP: 135/135 MP: 22/22
 16844 | Lair:5   | Found a corrupted altar of Lugonu.
 16844 | Lair:5   | Found a one-way gate to the infinite horrors of the Abyss.
 17345 | Orc:1    | Entered Level 1 of the Orcish Mines
 17689 | Orc:1    | Noticed an orc warlord
 17714 | Orc:1    | Killed an orc warlord
 17841 | Orc:1    | Found a shimmering altar of Xom.
 17939 | Orc:2    | Entered Level 2 of the Orcish Mines
 18939 | Orc:2    | Found Guukar's Antique Weapon Emporium.
 18951 | Orc:2    | Found Laameri's Armour Shoppe.
 19038 | Orc:2    | Found Degid's Antique Weapon Emporium.
 19228 | Orc:2    | Found a staircase to the Elven Halls.
 19239 | Orc:2    | Reached skill level 1 in Dodging
 19521 | Orc:2    | Bought the +3 pair of gauntlets of War {Slay+5} for 665
                  | gold pieces
 19521 | Orc:2    | Found the +3 pair of gauntlets of War {Slay+5}
 19846 | D:11     | Noticed Gastronok
 19857 | D:11     | Killed Gastronok
 19858 | D:11     | Reached skill level 1 in Throwing
 19945 | D:11     | Noticed Fannar
 19961 | D:11     | Killed Fannar
 20022 | D:11     | Noticed Maurice
 20036 | D:11     | Killed Maurice
 20042 | D:11     | Identified the +2 robe "Hoeto" {Harm *Corrode rPois rC+++}
 20287 | D:12     | Noticed Snorg
 20316 | D:12     | Killed Snorg
 20661 | D:12     | Noticed Rupert
 20673 | D:12     | Killed Rupert
 20674 | D:12     | Reached XP level 15. HP: 124/147 MP: 24/24
 21212 | D:12     | Found a runed translucent gate.
 21212 | D:12     | Found a runed translucent gate.
 21212 | D:12     | Found a runed translucent gate.
 21212 | D:12     | Noticed Vorhees's ghost (journeyman DsFi)
 21215 | D:12     | Found a basalt altar of Yredelemnul.
 21371 | D:13     | Noticed Josephine
 21380 | D:13     | Killed Josephine
 21809 | D:13     | Found a gate to the Vaults.
 21812 | D:13     | Noticed Urug
 21846 | D:13     | Killed Urug
 21912 | D:13     | Found Loutz's Antique Armour Shoppe.
 22107 | D:13     | Noticed Nessos
 22124 | D:13     | Killed Nessos
 22129 | D:13     | Identified the +7 rapier "Dragonbane" {spect, rCorr MP+9
                  | Int+4 Dex-3}
 22799 | D:14     | Reached skill level 5 in Shields
 23100 | D:14     | Identified a scroll of acquirement
 23263 | D:14     | Acquired 882 gold pieces
 23283 | D:15     | Entered Level 15 of the Dungeon
 23792 | D:15     | Found an ornate altar of the Wu Jian Council.
 24512 | D:15     | Found a staircase to the Depths.
 24734 | Swamp:1  | Entered Level 1 of the Swamp
 24734 | Swamp:1  | Noticed Mlioglotl
 24741 | Swamp:1  | Noticed a tentacled starspawn
 24758 | Swamp:1  | Noticed a tentacled starspawn
 24760 | Swamp:1  | Killed Mlioglotl
 25258 | Swamp:1  | Noticed Donald
 25268 | Swamp:1  | Killed Donald
 25481 | Swamp:1  | Noticed Louise
 25492 | Swamp:1  | Reached XP level 16. HP: 136/158 MP: 19/26
 25496 | Swamp:1  | Reached skill level 10 in Shields
 25515 | Abyss:3  | Cast into level 3 of the Abyss (Louise)
 25793 | Abyss:3  | Found a corrupted altar of Lugonu.
 25810 | Abyss:3  | Noticed a tentacled starspawn
 25822 | Abyss:3  | Found a corrupted altar of Lugonu.
 25832 | Abyss:3  | Killed a tentacled starspawn
 25845 | Abyss:3  | Noticed a tentacled starspawn
 25849 | Swamp:1  | Escaped the Abyss
 25869 | Swamp:1  | Noticed Roxanne
 25872 | Abyss:3  | Found a corrupted altar of Lugonu.
 25872 | Abyss:3  | Cast into level 3 of the Abyss (Louise)
 26012 | Abyss:3  | Noticed a tentacled starspawn
 26024 | Abyss:3  | Killed a tentacled starspawn
 26059 | Abyss:3  | Noticed a tentacled starspawn
 26063 | Abyss:3  | Killed a tentacled starspawn
 26120 | Abyss:3  | Noticed a profane servitor
 26155 | Abyss:3  | Noticed a profane servitor
 26164 | Swamp:1  | Escaped the Abyss
 26166 | Swamp:1  | You fall into a shaft and drop 1 floor!
 27240 | Swamp:1  | Killed Roxanne
 27345 | Swamp:1  | Killed Louise
 27608 | Swamp:2  | Noticed a thorn hunter
 27615 | Swamp:2  | Killed a thorn hunter
 28211 | Swamp:1  | Identified the +3 buckler of Tartarus {rC++}
 28491 | Swamp:1  | Got the Treatise on Hail and Arcane Weapons
 29676 | Swamp:3  | Reached skill level 15 in Shields
 29676 | Swamp:3  | Reached XP level 17. HP: 170/170 MP: 27/27
 29710 | Swamp:3  | Noticed Mara
 29711 | Swamp:3  | Noticed nightchill's illusion
 29798 | Snake:1  | Entered Level 1 of the Snake Pit
 30260 | Snake:1  | Reached skill level 15 in Invocations
 31619 | Snake:2  | Found the -2 hat of the Alchemist {rElec rPois rF+ rC+ rN+
                  | Will+ rMut rCorr}
 31662 | Snake:2  | Identified the serpent talisman of Inviolability {rElec
                  | Int-2 Slay+2}
 31662 | Snake:2  | Noticed Aizul
 31674 | Snake:2  | Killed Aizul
 31983 | Snake:2  | Identified the +2 dagger "Xiplo" {speed, rC- Will++ Int+3
                  | SInv}
 32257 | Snake:3  | Found Cavemas's General Store.
 32259 | Snake:3  | Found Faojoesa's Antique Weapon Shoppe.
 32330 | Snake:3  | Acquired 576 gold pieces
 32725 | Snake:3  | Found Qoxo's Assorted Antiques.
 32737 | Snake:3  | Bought a scroll of identify for 40 gold pieces
 32860 | Snake:3  | Found a transporter.
 32860 | Snake:3  | Found Garch's Distillery.
 32889 | Snake:3  | Found a transporter.
 32899 | Snake:3  | Bought a potion of curing for 54 gold pieces
 32899 | Snake:3  | Bought a potion of curing for 54 gold pieces
 32899 | Snake:3  | Bought a potion of heal wounds for 90 gold pieces
 32899 | Snake:3  | Bought a potion of resistance for 180 gold pieces
 32899 | Snake:3  | Bought a potion of ambrosia for 144 gold pieces
 32899 | Snake:3  | Bought a potion of haste for 180 gold pieces
 33184 | Swamp:3  | Killed Mara
 33388 | Swamp:4  | Entered Level 4 of the Swamp
 33945 | Swamp:4  | Reached XP level 18. HP: 160/180 MP: 29/29
 34351 | Swamp:4  | Noticed a bone dragon
 34821 | Swamp:4  | Killed a bone dragon
 34998 | Swamp:4  | Got a decaying rune of Zot
 35213 | Snake:4  | Entered Level 4 of the Snake Pit
 35286 | Snake:4  | Acquired a manual of Axes
 35680 | Snake:4  | Found Fukhleuv's Antique Weapon Shoppe.
 35680 | Snake:4  | Found Pooth's Book Emporium.
 35685 | Snake:4  | Found Ismaczecze's Distillery.
 35716 | Snake:4  | Bought a potion of curing for 63 gold pieces
 35716 | Snake:4  | Bought a potion of heal wounds for 105 gold pieces
 35716 | Snake:4  | Bought a potion of curing for 63 gold pieces
 35716 | Snake:4  | Bought a potion of curing for 63 gold pieces
 35716 | Snake:4  | Bought a potion of curing for 63 gold pieces
 35716 | Snake:4  | Bought a potion of ambrosia for 168 gold pieces
 37056 | Snake:4  | Got a serpentine rune of Zot
 37500 | Vaults:1 | Entered Level 1 of the Vaults
 37578 | Vaults:1 | Found Uqujoc Zega's Armour Boutique.
 37640 | Vaults:1 | Found a flickering gateway to a bazaar.
 37666 | Bazaar   | Entered a bazaar
 37680 | Bazaar   | Found Uhanoq's Armour Shoppe.
 37708 | Bazaar   | Found Buymet's General Store.
 37708 | Bazaar   | Found Sukey's Book Shoppe.
 37728 | Bazaar   | Found Deregin's Antique Weapon Shoppe.
 37733 | Bazaar   | Bought a crystal war axe for 170 gold pieces
 37733 | Bazaar   | Identified the +7 war axe of the Four Demons {flame, rF++
                  | Dex+3} (You bought it in a shop in a bazaar)
 37751 | Bazaar   | Found Muucask's Armour Emporium.
 37857 | Bazaar   | Bought a phantom mirror for 440 gold pieces
 37857 | Bazaar   | Bought a scroll of teleportation for 33 gold pieces
 37857 | Bazaar   | Bought a scroll of teleportation for 33 gold pieces
 37857 | Bazaar   | Bought 4 silver javelins for 396 gold pieces
 37883 | Bazaar   | Bought a +0 crystal plate armour for 480 gold pieces
 38207 | Vaults:1 | Reached XP level 19. HP: 191/191 MP: 30/30
 38322 | Vaults:1 | Identified the +1 robe of Okawaru's Grace {Fly rPois MP+9}
 38488 | Vaults:1 | Identified the +1 robe of Oghi Ziepn {Rampage}
 39838 | Vaults:2 | Noticed Jory
 40115 | Vaults:2 | Killed Jory
 41517 | Vaults:3 | Found a staircase to the Crypt.
 41823 | Vaults:3 | Found a portal to a secret trove of treasure.
 42788 | Vaults:3 | Noticed an ancient lich
 42804 | Vaults:3 | Killed an ancient lich
 43310 | Vaults:3 | Got the Annotations on Direction and the Burn
 43644 | D:10     | Fell from the grace of Zin
 43644 | D:10     | Became a worshipper of the Shining One
 43644 | D:10     | Reached * piety under the Shining One
 43644 | D:10     | Reached ** piety under the Shining One
 43644 | D:10     | Reached *** piety under the Shining One
 43829 | Crypt:1  | Entered Level 1 of the Crypt
 43849 | Crypt:1  | Reached XP level 20. HP: 202/202 MP: 32/32
 43894 | Crypt:1  | Reached **** piety under the Shining One
 44128 | Crypt:1  | Reached ***** piety under the Shining One
 44404 | Crypt:1  | Noticed Zenata
 44419 | Crypt:1  | Killed Zenata
 45051 | Crypt:1  | Noticed Vv
 45585 | Crypt:2  | Reached ****** piety under the Shining One
 45591 | Crypt:2  | Identified a +7 broad axe of holy wrath (a +5 broad axe of
                  | flaming blessed by the Shining One)
 45591 | Crypt:2  | Received a gift from the Shining One
 46009 | Temple   | Fell from the grace of the Shining One
 46009 | Temple   | Became a worshipper of Zin the Law-Giver
 47612 | Vaults:4 | Identified the +4 kite shield "Nuir" {^Drain rElec MP+9
                  | Str+2}
 47625 | Vaults:4 | Found Mex Yqum's Armour Shoppe.
 48369 | Depths:1 | Entered Level 1 of the Depths
 48374 | Depths:1 | Found a gateway to Hell.
 48450 | Depths:1 | Reached skill level 1 in Evocations
 48450 | Depths:1 | Reached XP level 21. HP: 191/211 MP: 34/34
 48576 | Depths:1 | Found a blossoming altar of Fedhas.
 48698 | Depths:1 | Found Besa's Magic Scroll Boutique.
 48700 | Depths:1 | Found Nenk's Antique Weapon Shop.
 48700 | Depths:1 | Found Nur Qeik's Distillery.
 48709 | Depths:1 | Found Sanwiaj's Book Shop.
 48770 | Depths:1 | Bought a potion of resistance for 160 gold pieces
 48770 | Depths:1 | Bought a potion of haste for 160 gold pieces
 48770 | Depths:1 | Bought 2 potions of heal wounds for 160 gold pieces
 48775 | Depths:1 | Bought a scroll of teleportation for 51 gold pieces
 48775 | Depths:1 | Bought a scroll of fear for 68 gold pieces
 48775 | Depths:1 | Bought a scroll of enchant weapon for 127 gold pieces
 48775 | Depths:1 | Bought a scroll of fog for 68 gold pieces
 48775 | Depths:1 | Bought a scroll of revelation for 127 gold pieces
 48971 | Depths:1 | Noticed Asterion
 49005 | Depths:1 | Killed Asterion
 49617 | Depths:1 | Found a one-way gate leading to the halls of Pandemonium.
 49622 | Depths:1 | Reached skill level 5 in Throwing
 50673 | Depths:2 | Noticed a dread lich
 50781 | Depths:2 | Found a one-way gateway to a ziggurat.
 50781 | Depths:2 | Noticed an ancient lich
 51081 | Depths:2 | Identified the ring of Spring {rElec rF+}
 51704 | Depths:3 | Found Guts's Armour Emporium.
 51706 | Depths:3 | Found the +11 Singing Sword {sonic wave}
 51713 | Depths:3 | Identified the +2 rapier of Vushro {drain, Dex+7}
 51751 | Depths:3 | Noticed Mennas
 51772 | Depths:3 | Killed Mennas
 52373 | Depths:3 | Noticed Grunn
 52596 | Depths:3 | Killed Grunn
 52671 | Depths:3 | Noticed a golden dragon
 52684 | Depths:3 | Killed a golden dragon
 52935 | Depths:4 | Entered Level 4 of the Depths
 53405 | Depths:3 | Reached skill level 5 in Evocations
 54060 | Depths:4 | Reached skill level 1 in Long Blades
 54090 | Depths:3 | Reached XP level 22. HP: 53/222 MP: 30/36
 54646 | Depths:4 | Reached skill level 5 in Long Blades
 54860 | Depths:4 | Identified the +3 halberd of Icsuadde {flame, +Blink Fly
                  | Int+2 Dex-3}
 55398 | Depths:4 | Found a blossoming altar of Fedhas.
 56085 | Depths:4 | Noticed a golden dragon
 56108 | Depths:4 | Killed a golden dragon
 56140 | Depths:4 | Noticed a golden dragon
 56149 | Depths:4 | Killed a golden dragon
 56307 | Depths:4 | Noticed a golden dragon
 56317 | Depths:4 | Killed a golden dragon
 56318 | Depths:4 | Reached skill level 10 in Long Blades
 56575 | Depths:4 | Found a gate to the Realm of Zot.
 57505 | Depths:1 | Bought a potion of curing for 48 gold pieces
 57505 | Depths:1 | Bought a potion of curing for 48 gold pieces
 57505 | Depths:1 | Bought a potion of curing for 48 gold pieces
 57505 | Depths:1 | Bought 2 potions of curing for 96 gold pieces
 57575 | Depths:3 | Voluntarily entered the Abyss.
 58238 | Depths:3 | Escaped the Abyss
 58254 | Depths:3 | Voluntarily entered the Abyss.
 58254 | Abyss:3  | Found a corrupted altar of Lugonu.
 58394 | Abyss:3  | Found a corrupted altar of Lugonu.
 58395 | Abyss:3  | Found a corrupted altar of Lugonu.
 58397 | Abyss:3  | Found a corrupted altar of Lugonu.
 58443 | Abyss:3  | Found an opulent altar of Gozag.
 58447 | Abyss:3  | Found an opulent altar of Gozag.
 58447 | Abyss:3  | Found an opulent altar of Gozag.
 58508 | Abyss:3  | Paralysed by accursed screaming for 1 turns
 58517 | Abyss:3  | Reached skill level 15 in Long Blades
 58585 | Depths:3 | Escaped the Abyss
 58588 | Depths:3 | Voluntarily entered the Abyss.
 58593 | Abyss:3  | Found a corrupted altar of Lugonu.
 58705 | Abyss:3  | Reached XP level 23. HP: 113/227 MP: 37/37
 58793 | Depths:3 | Escaped the Abyss
 58941 | Depths:3 | Voluntarily entered the Abyss.
 59037 | Abyss:3  | Found a corrupted altar of Lugonu.
 59040 | Abyss:3  | Found a corrupted altar of Lugonu.
 59040 | Abyss:3  | Found a corrupted altar of Lugonu.
 59066 | Abyss:3  | Found a corrupted altar of Lugonu.
 59083 | Abyss:3  | Found a corrupted altar of Lugonu.
 59182 | Abyss:3  | Found a corrupted altar of Lugonu.
 59220 | Abyss:3  | Reached skill level 15 in Armour
 59222 | Depths:3 | Escaped the Abyss
 59324 | Depths:3 | Voluntarily entered the Abyss.
 59378 | Abyss:3  | Found a corrupted altar of Lugonu.
 59415 | Abyss:3  | Got an abyssal rune of Zot
 59622 | Depths:3 | Escaped the Abyss
 59942 | Vaults:5 | Entered Level 5 of the Vaults
 59976 | Vaults:5 | Noticed Saint Roka
 60245 | Vaults:5 | Identified the orb "Jutagow" {*channel, Fly rF- rN++
                  | Regen+}
 60245 | Vaults:5 | Noticed Frederick
 60687 | Vaults:5 | Noticed a dread lich
 60716 | Vaults:4 | Killed Saint Roka
 60973 | Vaults:4 | Killed a dread lich
 61803 | Vaults:4 | Killed Frederick
 61878 | Vaults:5 | Noticed an ancient lich
 61890 | Vaults:5 | Killed an ancient lich
 62295 | Vaults:5 | Reached XP level 24. HP: 237/238 MP: 37/37
 62930 | Vaults:5 | Identified the +2 scimitar "Ywiphesa" {venom, MP+9 Str+3
                  | Int+2}
 62988 | Vaults:5 | Identified the +6 great sword of Dried Tears {flame, Int+4
                  | Dex+3}
 63289 | Vaults:5 | Found the +7 sceptre of Torment {pain, torment}
 63583 | Vaults:5 | Got a silver rune of Zot
 63776 | Vaults:5 | Identified the +1 cloak "Edghuatyh" {rCorr}
 63780 | Vaults:5 | Identified the +3 short sword "Ylohuaho" {pain, rF+ rC+
                  | Int+3}
 64314 | Elf:1    | Entered Level 1 of the Elven Halls
 64430 | Elf:1    | Paralysed by an air elemental for 1 turns
 64434 | Elf:1    | Paralysed by an air elemental for 1 turns
 65831 | Elf:2    | Found a runed translucent gate.
 65831 | Elf:2    | Found a runed translucent gate.
 65831 | Elf:2    | Found a runed translucent gate.
 66850 | Elf:3    | Entered Level 3 of the Elven Halls
 68155 | Elf:3    | Reached XP level 25. HP: 236/248 MP: 38/38
 68207 | Elf:3    | Identified the ring of Varghifec {rElec Int+6}
 68431 | Elf:3    | Identified the +2 mace of the Little People {flame, MP+9
                  | Stlth+}
 68452 | Elf:3    | Identified the +5 war axe of Dithmenos, Bashing {speed, rF+
                  | SInv}
 68667 | Elf:3    | Got the Almanac of Despicable Magicks and Topology
 68675 | Elf:3    | Got Sif Muna's Volume of Transmogrification
 69048 | Slime:1  | Entered Level 1 of the Pits of Slime
 69366 | Slime:5  | Entered Level 5 of the Pits of Slime
 69549 | Slime:5  | Found a viscous altar of Jiyva.
 69592 | Slime:5  | Noticed the Royal Jelly
 69704 | Slime:5  | Killed the Royal Jelly
 69937 | Slime:5  | Identified the +0 plate armour "Faomian" {rElec rCorr}
 69939 | Slime:5  | Identified the +2 scimitar of the Thieving Gods {freeze,
                  | rF+ Will- SInv}
 70077 | Slime:5  | Identified the ring "Pellergh" {rN++ MP+9}
 70139 | Slime:5  | Identified the +4 scale mail "Gufeduisk" {Int+4 Slay+3}
 70166 | Slime:5  | Identified the +4 flail of the Sky {flame, rPois rC+ rN+
                  | Dex-5}
 70180 | Slime:5  | Got a slimy rune of Zot
 70182 | Slime:5  | Identified the +1 glaive of Weywnuff {drain, Int+5}
 70662 | Crypt:1  | Learned a level 1 spell: Apportation
 70665 | Crypt:1  | Learned a level 2 spell: Blink
 70669 | Crypt:1  | Learned a level 3 spell: Passwall
 70673 | Crypt:1  | Learned a level 3 spell: Teleport Other
 70678 | Crypt:1  | Learned a level 4 spell: Iskenderun's Mystic Blast
 70720 | Crypt:1  | Killed Vv
 70925 | Crypt:2  | Reached skill level 1 in Translocations
 71578 | Crypt:3  | Entered Level 3 of the Crypt
 72038 | Crypt:2  | Found an ancient bone altar of Kikubaaqudgha.
 72254 | Crypt:3  | Identified the staff "Widowermaker" {rN+ Str+3 Necro}
 72565 | Crypt:3  | Reached skill level 27 in Fighting
 72712 | Crypt:3  | Found a staircase to the Tomb.
 73280 | Crypt:3  | Identified the +1 leather armour of Cuackuf {rC- Dex+5}
 73296 | Crypt:3  | Identified the amulet of Waicokhla {Regen+ Str+2 Dex+4
                  | SInv}
 73296 | Crypt:3  | Identified the ring "Jufiypim" {rElec rN+ Int+3}
 73688 | Depths:3 | Voluntarily entered the Abyss.
 73784 | Abyss:3  | Reached skill level 5 in Translocations
 74193 | Abyss:3  | Paralysed by accursed screaming for 1 turns
 74201 | Depths:3 | Escaped the Abyss
 74299 | Depths:3 | Voluntarily entered the Abyss.
 74355 | Abyss:3  | Reached XP level 26. HP: 255/266 MP: 39/39
 74445 | Depths:3 | Escaped the Abyss
 74608 | Depths:3 | Voluntarily entered the Abyss.
 74875 | Depths:3 | Escaped the Abyss
 74937 | Depths:3 | Voluntarily entered the Abyss.
 75046 | Abyss:3  | Found a corrupted altar of Lugonu.
 75189 | Abyss:4  | Found a corrupted altar of Lugonu.
 75233 | Depths:3 | Escaped the Abyss
 75235 | Depths:3 | Voluntarily entered the Abyss.
 75381 | Depths:3 | Escaped the Abyss
 75454 | Depths:3 | Voluntarily entered the Abyss.
 75746 | Abyss:4  | Reached skill level 10 in Translocations
 75751 | Depths:3 | Escaped the Abyss
 75781 | Hell     | Entered the Vestibule of Hell
 75781 | Hell     | Noticed Geryon
 75865 | Hell     | Killed Geryon
 76096 | Hell     | Reached skill level 1 in Conjurations
 76175 | Hell     | Found a gateway to the freezing wastes of Cocytus.
 76434 | Hell     | Found a gateway to the decaying netherworld of Tartarus.
 76434 | Hell     | Noticed a dread lich
 76461 | Hell     | Killed a dread lich
 77215 | Hell     | Found a gateway to the ashen valley of Gehenna.
 77316 | Hell     | Found a gateway to the Iron City of Dis.
 77421 | Zot:1    | Entered Level 1 of the Realm of Zot
 78457 | Zot:2    | Reached skill level 27 in Invocations
 78615 | Zot:2    | Identified the +2 leather armour "Digiw" {Dex+7}
 78753 | Zot:2    | Identified the ring of Penlium {Fire Fly rPois Str-2
                  | Stlth+}
 79142 | Zot:2    | Reached XP level 27. HP: 258/273 MP: 39/39
 79868 | Zot:3    | Learned a level 4 spell: Vhi's Electric Charge
 81119 | Zot:3    | Found a stormy altar of Qazlal.
 81138 | Zot:3    | Got the Atlas of the Zealot
 81586 | Zot:3    | Reached skill level 1 in Air Magic
 82012 | Zot:4    | Reached skill level 5 in Conjurations
 82436 | Zot:4    | Noticed an orb of fire
 82615 | Zot:4    | Killed an orb of fire
 82688 | Zot:4    | Found the +3 Elemental Staff {ele, rElec rF+ rC+ AC+3}
 83248 | Zot:4    | Identified the granite talisman "Ziw Lae" {rF- rCorr Str+7}
 83673 | D:14     | Identified the +3 trident of Action {freeze, *Rage Int+4
                  | Dex+2}
 83925 | Zot:5    | Entered Level 5 of the Realm of Zot
 84707 | Zot:5    | Noticed an ancient lich
 84728 | Zot:5    | Killed an ancient lich
 84731 | Zot:5    | Noticed a dread lich
 84750 | Zot:5    | Killed a dread lich
 84754 | Zot:5    | Reached skill level 5 in Air Magic
 84809 | Zot:5    | Noticed an orb of fire
 84834 | Zot:5    | Killed an orb of fire
 85122 | Zot:5    | Noticed an ancient lich
 85139 | Zot:5    | Killed an ancient lich
 85210 | Zot:5    | Noticed an ancient lich
 85228 | Zot:5    | Killed an ancient lich
 85597 | Zot:5    | Noticed a dread lich
 85609 | Zot:5    | Killed a dread lich
 85653 | Zot:5    | Noticed an ancient lich
 85683 | Zot:5    | Killed an ancient lich
 85934 | Zot:5    | Noticed a dread lich
 85941 | Zot:5    | Noticed an orb of fire
 86211 | Zot:5    | Killed a dread lich
 86287 | Zot:5    | Noticed an ancient lich
 86297 | Zot:5    | Killed an ancient lich
 86349 | Zot:5    | Killed an orb of fire
 86721 | Zot:5    | Noticed an ancient lich
 86730 | Zot:5    | Killed an ancient lich
 86991 | Pan      | Entered Pandemonium
 87146 | Pan      | Found a runed translucent door.
 87219 | Pan      | Found a runed translucent door.
 87227 | Pan      | Found a runed translucent door.
 87234 | Pan      | Found a runed translucent door.
 87818 | Pan      | Noticed Sout the pandemonium lord
 87826 | Pan      | Killed Sout the pandemonium lord
 88525 | Pan      | Noticed Beunwuot the pandemonium lord
 88835 | Pan      | Killed Beunwuot the pandemonium lord
 89244 | Pan      | Got a demonic rune of Zot
 89607 | Pan      | Reached skill level 10 in Evocations
 89664 | Pan      | Identified the +6 flail of Dishonesty {heavy, rN+ Str+2
                  | Int+3}
 89799 | Pan      | Entered the realm of Lom Lobon.
 90820 | Pan      | Reached skill level 10 in Air Magic
 91345 | Pan      | Noticed Lom Lobon
 91471 | Pan      | Killed Lom Lobon
 91480 | Pan      | Got a magical rune of Zot
 92283 | Pan      | Entered the realm of Gloorx Vloq.
 93579 | Pan      | Noticed Gloorx Vloq
 93588 | Pan      | Killed Gloorx Vloq
 93878 | Pan      | Got a dark rune of Zot
 94603 | Pan      | Reached skill level 15 in Translocations
 94842 | Pan      | Found an exit through the horrors of the Abyss.
 95373 | Pan      | Noticed Zis Dasasy the pandemonium lord
 95380 | Pan      | Killed Zis Dasasy the pandemonium lord
 95520 | Pan      | Entered the realm of Mnoleg.
 95988 | Pan      | Noticed Mnoleg
 96017 | Pan      | Got a glowing rune of Zot
 96364 | Pan      | Noticed Ignacio
 96375 | Pan      | Killed Ignacio
 96720 | Pan      | Entered the realm of Cerebov.
 96789 | Pan      | Noticed Mnoleg
 96803 | Pan      | Killed Mnoleg
 97934 | Pan      | Identified the ring "Roxzait" {Fly Str+3 Dex+4}
 97940 | Pan      | Identified the staff of Bloody Death {rN+ Earth}
 97948 | Pan      | Found the +6 sword of Cerebov {flame}
 97948 | Pan      | Noticed Cerebov
 98641 | Pan      | Killed Cerebov
 98809 | Pan      | Got a fiery rune of Zot
 98896 | Pan      | Identified the +10 falchion "Zuim" {protect, rElec Str+3}
 98898 | Pan      | Identified the +0 fire dragon scales of the Worm {Rampage
                  | rF++ rC- Int-3 Dex+3}
 99096 | Pan      | Noticed Utamn the pandemonium lord
 99110 | Pan      | Killed Utamn the pandemonium lord
 99349 | Pan      | Learned a level 6 spell: Dispersal
 99531 | Depths:2 | Escaped Pandemonium
 99584 | Depths:2 | Killed an ancient lich
 99587 | Depths:2 | Killed a dread lich
 99588 | Depths:2 | Reached skill level 15 in Evocations
 99599 | Zig:1    | Entered Level 1 of a ziggurat
 99612 | Zig:2    | Entered Level 2 of a ziggurat
 99641 | Zig:3    | Entered Level 3 of a ziggurat
 99656 | Zig:3    | Identified the +1 trident of Anxiety {pain, Fly rPois}
 99657 | Zig:3    | Identified the +6 halberd of Ehianopp {freeze, rF- Str+4
                  | Int+3}
 99739 | Zig:4    | Entered Level 4 of a ziggurat
 99782 | Zig:5    | Entered Level 5 of a ziggurat
 99812 | Zig:5    | Identified the amulet of Pixaufum {Spirit Harm rElec}
 99814 | Zig:5    | Identified the ring of the Exiled Suns {rCorr Int+6 Dex-3
                  | SInv}
 99926 | Zig:6    | Entered Level 6 of a ziggurat
 99932 | Zig:6    | Noticed a dread lich
 99944 | Zig:6    | Killed a dread lich
 99949 | Zig:6    | Identified the ring "Hounec Qiko" {rElec MP+9}
 99957 | Zig:6    | Identified the staff "Pevohin" {rF+ rC+ Stlth+ Necro Fire}
 99998 | Zig:7    | Entered Level 7 of a ziggurat
100108 | Zig:7    | Identified the +5 mace of Retium {vamp, rN++}
100117 | Zig:8    | Entered Level 8 of a ziggurat
100211 | Zig:8    | Identified the +6 flail of the Little People {drain, rC+
                  | rN+}
100215 | Zig:8    | Got the Vellum of the Virulent Sky
100216 | Zig:8    | Identified the +1 scale mail of Monotheism {rPois Int+3
                  | SInv}
100230 | Zig:9    | Entered Level 9 of a ziggurat
100543 | Zig:9    | Identified the staff of the Countless Mice {rF+ Str+6 Fire}
100544 | Zig:9    | Identified the +2 morningstar of the Evening {venom, rPois
                  | rC+ Will+ SInv}
100662 | Zig:10   | Entered Level 10 of a ziggurat
100682 | Zig:10   | Noticed Koath the pandemonium lord
100684 | Zig:10   | Identified the staff of Callousness {rPois Dex+4 Alchemy}
100689 | Zig:11   | Entered Level 11 of a ziggurat
100711 | Zig:11   | Paralysed by accursed screaming for 1 turns
100987 | Zig:11   | Found the +9 staff of Olgreb {rPois∞}
100995 | Zig:11   | Identified the +5 glaive of Zofuil {freeze, Str+2}
101006 | Zig:11   | Identified the +5 scale mail of Usely {Harm}
101014 | Zig:12   | Entered Level 12 of a ziggurat
101126 | Zig:12   | Identified the +6 great mace of Oloump {drain, Dex+2}
101127 | Zig:12   | Identified the +6 quarterstaff "Demonbane" {flame, Int+3
                  | Dex+2}
101261 | Dis:1    | Entered Level 1 of the Iron City of Dis
101261 | Dis:1    | Noticed a dread lich
101265 | Dis:1    | Killed a dread lich
102966 | Depths:3 | Voluntarily entered the Abyss.
102966 | Abyss:4  | Found a corrupted altar of Lugonu.
103236 | Depths:3 | Escaped the Abyss
103367 | Depths:3 | Voluntarily entered the Abyss.
103502 | Abyss:4  | Found a corrupted altar of Lugonu.
103534 | Abyss:5  | Noticed a dread lich
103540 | Abyss:5  | Killed a dread lich
103647 | Depths:3 | Escaped the Abyss
103705 | Geh:1    | Entered Level 1 of Gehenna
105496 | Zot:5    | Got the Orb of Zot
105980 | D:8      | Noticed Beigek the pandemonium lord
106202 | D:$      | Escaped with the Orb!

Illustrated notes

Levels and vault maps discovered:
D:1:      ncdulo_smallfort, layout_basic
D:2:      minmay_inner_zag, layout_rooms, serial_curves, eino_curves_03,
          eino_curves_03, basic_altar, uniq_robin
D:3:      layout_loops_corners, serial_shops, nicolae_shop_advertising_works
          [nicolae_subvault_shop_adworks], minmay_misc_feat_chi
D:4:      layout_basic, nicolae_gozag_cash_rules_everything_around_me,
          nicolae_overflow_hidden_temple
D:5:      layout_gridville, mainiacjoe_overflow_24_doors,
          minmay_temple_entry_nine_rooms, grunt_ministairs_7,
          uniq_crazy_yiuf_cottage
D:6:      layout_basic, chequers_temple_overflow_statue_of_worship,
          minmay_mini_ossuary, uniq_grinder
D:7:      layout_cave_pods, kb_lookout_dungeons_type, uniq_prince_ribbit1,
          uniq_maggie
D:8:      layout_cave_pools, lair_entry_dummy, uniq_pikel
D:9:      layout_cave_pools
D:10:     layout_rooms, amcnicky_altar_gilded, uniq_psyche
D:11:     layout_rooms, uniq_fannar, uniq_maurice, uniq_gastronok
D:12:     layout_irregular_city, kennysheep_another_room,
          nicolae_yredelemnul_ghost_church, uniq_rupert, uniq_snorg
D:13:     layout_roguey, hellmonk_vaults_order_and_chaos, serial_shops, shop,
          uniq_josephine, uniq_nessos, uniq_urug
D:14:     layout_loops_ring, nicolae_twisting_strands, minivault_14,
          minivault_21
D:15:     grunt_enter_depths_snipers, layout_irregular_city,
          lemuel_crystal_altar, chequers_serial_rivers_micro_d
Temple:   regret_index_temple_generic_petals
Lair:1:   layout_regular_city, nicolae_volcano_entry_two_sided, minivault_19,
          grunt_megastairs_4
Lair:2:   layout_misc_corridors, mainiacjoe_swamp_entry_lozenge_pond
Lair:3:   layout_regular_city, nicolae_snake_entry_warm_welcome,
          beast_lair_carwin_1
Lair:4:   layout_cave_pods, slime_entry_1, gauntlet_entry_generic,
          grunt_megastairs_5
Lair:5:   hellmonk_lair_end_abyssal_woods, layout_regular_city,
          grunt_megastairs_1
Swamp:1:  nicolae_swamp_secret_spriggan_hideout, layout_falls_marsh,
          evilmike_swamp_ruin_house_1, swamp_pool_1_2,
          nicolae_swamp_long_stream, uniq_donald, uniq_louise, uniq_mlioglotl,
          uniq_roxanne
Swamp:2:  layout_basic_swamp, evilmike_swamp_ruin_house_2, swamp_pool_3
Swamp:3:  layout_basic_swamp, evilmike_swamp_ruin_rubble_1, swamp_pool_5,
          uniq_mara
Swamp:4:  swamp_pestilence, layout_basic_swamp
Snake:1:  layout_onion_interference, portal_ice_cave_entry_ice_statue_one,
          nicolae_snake_ghostly_warrior_ritual, grunt_megastairs_3
Snake:2:  cheibrodos_forgotten_conduit, layout_rooms, drop_trap, uniq_aizul
Snake:3:  layout_rooms, serial_shops, nicolae_shop_tiny_waterfront,
          nicolae_shop_drivethru, shop, nicolae_shop_peninsula
Snake:4:  snake_pit_salamanders_mu, layout_misc_corridors, st_stairs_14,
          minmay_shop_star
Slime:1:  layout_caves
Slime:2:  layout_caves
Slime:3:  layout_caves
Slime:4:  layout_caves, nicolae_slime_barrier
Slime:5:  slime_pit_nicolae_jellycorners
Orc:1:    layout_diamond_mine, serial_shops, basic_altar
Orc:2:    st_orc_town, layout_caves, basic_altar
Elf:1:    layout_loops_ring, hangedman_corner_corridor
Elf:2:    elven_hall_of_blades_hangedman_original [nicolae_blade_tridents],
          layout_gridlike, lemuel_flame_loot_1
Elf:3:    elf_hall_gauntlet_narrow, layout_loops_ring, special_room
          [special_room_mythical_zoo]
Vaults:1: nicolae_vaults_tetromino_L_2, nicolae_vaults_octothorpe,
          nicolae_vaults_closet_pinwheel_3, hangedman_vaults_snaps,
          nicolae_vaults_tetromino_T_2, nicolae_vaults_little_squares_6,
          ontoclasm_vaults_hangar, nicolae_vaults_taking_the_gang_shopping,
          layout_vaults_omnigrid, serial_shops, bzr_entry_water
Vaults:2: lightli_enter_wizlab_magi_temple, nicolae_vaults_stairing_the_circle,
          nicolae_vaults_tetromino_T_2, v_misc_27,
          nicolae_vaults_closet_pinwheel_5, v_misc_5, vaults_room_grid,
          vaults_room_grid, nicolae_vaults_tetromino_Z_1,
          layout_vaults_chaotic_city, uniq_jory
Vaults:3: nicolae_vaults_surprise_closet, v_alt_pattern_3,
          nicolae_vaults_diamond_2, v_rooms_1, nicolae_vaults_big_ls,
          nicolae_vaults_house_1, nicolae_vaults_closet_pinwheel_6,
          st_spiral_rooms, minmay_crypt_entry_simple_sparse,
          nicolae_vaults_apartment_1, v_misc_4, ontoclasm_vaults_shuriken,
          vaults_room_hallway, nicolae_vaults_ring_of_whatevers,
          vaults_room_hallway, layout_vaults_ring, enter_trove_1
Vaults:4: nicolae_vaults_mini_display_case, nicolae_vaults_diamond_2,
          nicolae_vaults_wine_cellar, nicolae_vaults_antechamber_and_loot_room,
          v_misc_18, hangedman_vaults_slice, dpeg_vaults_monster_row,
          vaults_room_ringed_pool, nicolae_vaults_gold_heap,
          layout_vaults_omnicross, serial_shops, shop
Vaults:5: uniq_frederick, uniq_saint_roka
Crypt:1:  layout_chaotic_city, skrybe_necro_troll_1, uniq_zenata, uniq_vv
Crypt:2:  layout_gridlike, lemuel_upstairs_altar
Crypt:3:  due_elkab, layout_chaotic_city
Depths:1: layout_gridville, rand_demon_pan_entry_9, fedhas_altar_1, hell_entry,
          nrook_campfire, nicolae_houndstooth_variations, minmay_shoptagon,
          firewood_loft, serial_bayou_shore_b, uniq_asterion
Depths:2: evilmike_wizard_prison, layout_gridlike, enter_ziggurat_d,
          grunt_mini_vestibule, minmay_crystal_room, rand_demon_pan_entry_8,
          minmay_misc_feat_ornament
Depths:3: cheibrodos_salmonella, layout_gridlike, serial_shops, shop,
          abyss_entry, infiniplex_staircase_trident, pf_hell_entry_tar_river,
          nrook_mini_vaults, uniq_mennas, uniq_grunn
Depths:4: lemuel_castle_with_subvaults [lemuel_castle_interior_carwin_3],
          layout_honeycomb, abyss_entry, old_standard_altar, hell_entry,
          uniq_josephina
Hell
Dis:1:    layout_gridville, nicolae_hells_hurtin_island
Dis:2:    layout_subdivisions
Geh:1:    layout_gehenna_pools_triple, nicolae_geh_fiery_graves
          [nicolae_geh_single_fiery_grave, nicolae_geh_single_fiery_grave,
          nicolae_geh_single_fiery_grave, nicolae_geh_single_fiery_grave,
          nicolae_geh_single_fiery_grave, nicolae_geh_single_fiery_grave,
          nicolae_geh_single_fiery_grave, nicolae_geh_single_fiery_grave,
          nicolae_geh_single_fiery_grave]
Geh:2:    layout_gehenna_lava_caves
Geh:3:    layout_gehenna_pools_box
Geh:4:    layout_gehenna_pools_basic
Geh:5:    layout_gehenna_lava_caves
Zot:1:    layout_misc_corridors
Zot:2:    layout_gridlike, regret_index_zotdec_under_construction,
          nicolae_lava_and_water
Zot:3:    nicolae_zot_draconian_monastery, layout_twisted_circle,
          regret_index_zotdec_silver_v_v_loose
Zot:4:    grunt_twist_and_shout, layout_onion_interference,
          st_large_dragon_hoard_1
Zot:5:    layout_cellular_growth

Skill      XL: |  1  2  3  4  5  6  7  8  9 10 11 12 13 14 15 16 17 18 19 20 21 22 23 24 25 26 27 |
---------------+----------------------------------------------------------------------------------+-----
Axes           | 3 4 6 7 9 11 13 15 17 18 26 | 26.5
Fighting       | 4 5 6 7 9 10 11 12 14 15 17 18 19 20 21 22 23 24 25 26 27 | 27.0
Invocations    | 1 4 6 8 10 12 14 16 17 19 20 22 23 25 26 27 | 27.0
Armour         | 6 10 12 13 14 16 18 20 23 | 23.0
Dodging        | 3 4 |  4.7
Throwing       | 2 3 4 6 |  6.0
Shields        | 9 15 17 19 21 22 | 22.0
Evocations     | 1 5 17 | 17.5
Long Blades    | 2 15 16 | 16.0
Translocations | 5 11 18 | 18.9
Conjurations   | 3 5 |  5.8
Air Magic      | 12 | 12.0

Action                     |  1- 3 |  4- 6 |  7- 9 | 10-12 | 13-15 | 16-18 | 19-21 | 22-24 | 25-27 || total
---------------------------+-------+-------+-------+-------+-------+-------+-------+-------+-------++-------
  Melee: War axe           |    76 |   103 |   289 |   231 |       |       |       |       |       ||   699
         Headbutt          |    11 |    10 |    50 |    91 |   204 |   303 |   465 |   448 |  1431 ||  3013
         Broad axe         |       |       |       |   250 |   901 |  1121 |  1396 |  1169 |  3731 ||  8568
         Double sword      |       |       |       |       |       |       |       |   367 |   482 ||   849
  Throw: Boomerang         |       |     6 |       |    16 |       |       |       |       |       ||    22
         Dart              |       |       |       |       |    13 |     9 |     4 |       |       ||    26
         Javelin           |       |       |       |       |     3 |       |       |       |     2 ||     5
   Cast: Vhi's Electric Ch |       |       |       |       |       |       |       |       |    10 ||    10
         Dispersal         |       |       |       |       |       |       |       |       |     6 ||     6
         Teleport Other    |       |       |       |       |       |       |       |       |     2 ||     2
         Iskenderun's Myst |       |       |       |       |       |       |       |       |     2 ||     2
         Blink             |       |       |       |       |       |       |       |       |     1 ||     1
 Invoke: Recite            |       |       |     6 |    17 |    33 |    32 |    61 |    42 |   134 ||   325
         Vitalisation      |       |       |     1 |    13 |    34 |    23 |    16 |    26 |    74 ||   187
         Imprison          |       |       |       |       |     6 |    10 |    13 |     5 |    43 ||    77
         Sanctuary         |       |       |       |       |     1 |     1 |     3 |     1 |    10 ||    16
         Cleansing Flame   |       |       |       |       |       |       |     4 |       |       ||     4
         Summon Divine War |       |       |       |       |       |       |     3 |       |       ||     3
         Brand Weapon With |       |       |       |       |       |       |     1 |       |       ||     1
  Evoke: Wand              |       |       |       |       |       |     4 |     1 |       |     4 ||     9
         Phantom mirror    |       |       |       |       |       |       |     3 |       |     3 ||     6
    Use: Potion            |       |     1 |     6 |     1 |     2 |     3 |     4 |     4 |    80 ||   101
         Scroll            |       |     1 |     3 |    12 |     8 |    19 |     7 |     9 |    18 ||    77
   Stab: Confused          |       |       |     1 |     2 |    10 |    24 |    22 |    15 |    58 ||   132
         Paralysed         |       |       |       |       |    26 |       |     3 |    12 |     3 ||    44
         Invisible         |       |       |       |       |     5 |     6 |     3 |       |     5 ||    19
         Distracted        |       |       |       |       |       |     2 |       |     1 |       ||     3
         Petrified         |       |       |       |       |       |       |       |       |    17 ||    17
         Petrifying        |       |       |       |       |       |       |       |       |     3 ||     3
 Armour: Scale mail        |    58 |    78 |    12 |       |       |       |       |       |       ||   148
         Chain mail        |       |       |    39 |       |       |       |       |       |       ||    39
         Plate armour      |       |       |   156 |   216 |       |       |       |       |       ||   372
         Ring mail         |       |       |       |   166 |   643 |   659 |       |       |       ||  1468
         Crystal plate arm |       |       |       |       |       |     4 |   663 |   116 |       ||   783
         Gold dragon scale |       |       |       |       |       |       |       |   741 |  2509 ||  3250
  Dodge: Dodged            |    38 |    49 |    83 |   160 |   315 |   264 |   131 |   223 |   648 ||  1911
  Block: Buckler           |    19 |    27 |    50 |    84 |   143 |       |       |       |       ||   323
         Kite shield       |       |       |       |       |    78 |   282 |       |       |       ||   360
         Reflection        |       |       |       |       |       |    17 |       |       |       ||    17
         Tower shield      |       |       |       |       |       |   635 |  1345 |  1395 |  4271 ||  7646
